[Event "Titled Tuesday Blitz November 07 Late 2023"]
[White "Urbina Perez, Juan Antonio"]
[Black "Rohan, Ahuja"]
[WhiteFideId "2217368"]
[BlackFideId "5090598"]
[WhiteElo "2513"]
[BlackElo "2748"]
[Result "1/2-1/2"]
[Round "2"]
[TimeControl "180+1"]
[Date "2023.11.07"]
[WhiteClock "0:00:51"]
[BlackClock "0:00:23"]
[Board "59"]

1. d4 Nf6 2. Nf3 g6 3. c4 Bg7 4. Nc3 d5 5. Bf4 O-O 6. e3 c5 7. dxc5 Ne4 8. Qc2 Qa5 9. Rc1 Nxc3 10. bxc3 Qxc5 11. cxd5 Qxd5 12. e4 Qa5 13. Be2 Be6 14. O-O Nd7 15. Nd4 Nc5 16. Nxe6 Nxe6 17. Bd2 Rfc8 18. Qb3 Nc5 19. Qb4 Qxb4 20. cxb4 Nxe4 21. Be3 a6 22. Bf3 Nd6 23. Bc5 Bh6 24. Rcd1 Rc7 25. Bxd6 exd6 26. Rxd6 Rac8 27. g3 Rb8 28. Rfd1 b6 29. Rd8+ Rxd8 30. Rxd8+ Bf8 31. Ra8 Kg7 32. Rxa6 Bxb4 33. Rxb6 Bc5 34. Rb7 Rxb7 35. Bxb7 Kf6 36. a4 Ke5 37. a5 f5 38. a6 f4 39. Kg2 fxg3 40. hxg3 h5 41. Bc6 Ba7 42. Be8 Kf5 43. Bd7+ Kg5 44. f4+ Kf6 45. Kf3 g5 46. f5 Ke5 47. Bc8 Bb6 48. Bd7 Ba7 49. Be8 h4 50. gxh4 gxh4 51. Bd7 Kf6 52. Kg4 Bf2 53. Kh3 Kg5 54. Bc8 Ba7 55. Bb7 Kxf5 56. Kxh4 Ke6 57. Kg4 Kd6 58. Kf5 Kc7 59. Ke4 Bb6 60. Kd5 Kb8 61. Kc4 Ka7 62. Kb5 Bg1 63. Kc6 Bb6 64. Kd5 Bg1 65. Kc6 Bb6 66. Kd5 Bg1 67. Kc6 1/2-1/2


[Site "https://www.chess.com"]

[Event "Titled Tuesday Blitz November 07 Late 2023"]
[White "Hambleton, Aman"]
[Black "Khater, Sherif"]
[WhiteFideId "2606577"]
[BlackFideId "2034280"]
[WhiteElo "2743"]
[BlackElo "2492"]
[Result "1-0"]
[Round "2"]
[TimeControl "180+1"]
[Date "2023.11.07"]
[WhiteClock "0:00:05"]
[BlackClock "0:00:30"]
[Board "60"]

1. d4 a6 2. e4 c6 3. Nf3 d5 4. e5 Bf5 5. Be2 e6 6. O-O h6 7. Be3 Ne7 8. Nbd2 Nd7 9. a4 Bh7 10. Nb3 Ng6 11. a5 Be7 12. Bd3 O-O 13. Re1 c5 14. Nxc5 Bxc5 15. dxc5 Ngxe5 16. Nxe5 Nxe5 17. Bxh7+ Kxh7 18. Bxh6 gxh6 19. Rxe5 Qf6 20. Qd3+ Kh8 21. Rae1 Rg8 22. b4 Rg4 23. c3 Rag8 24. g3 R8g6 25. Kg2 Rf4 26. Qe3 Rc4 27. Rd1 Kg7 28. Rd4 Rxd4 29. Qxd4 Kh7 30. Re3 Qd8 31. Qe5 Kg8 32. h4 Rg4 33. Rf3 d4 34. Rd3 Qxh4 35. Rxd4 Qg5 36. Qxg5+ Rxg5 37. Rd7 Rg4 38. Rxb7 Rc4 39. Rb6 Rxc3 40. Rxa6 Rc4 41. Rb6 h5 42. a6 Rc2 43. a7 Ra2 44. Rb8+ 1-0


[Site "https://www.chess.com"]

[Event "Titled Tuesday Blitz November 07 Late 2023"]
[White "Rosen, Eric"]
[Black "Kochiev, Ivan"]
[WhiteFideId "2032562"]
[BlackFideId "2917890"]
[WhiteElo "2741"]
[BlackElo "2492"]
[Result "1-0"]
[Round "2"]
[TimeControl "180+1"]
[Date "2023.11.07"]
[WhiteClock "0:00:56"]
[BlackClock "0:00:27"]
[Board "61"]

1. e4 c5 2. Nc3 e6 3. Nf3 Nc6 4. d4 cxd4 5. Nxd4 Qc7 6. Ncb5 Qb8 7. Bd3 Nf6 8. O-O a6 9. Nxc6 bxc6 10. Nc3 d5 11. Qe2 Be7 12. b3 O-O 13. Bb2 Bb7 14. Na4 c5 15. Nb6 dxe4 16. Bc4 Ra7 17. Bxf6 Bxf6 18. Nd7 Qd6 19. Rad1 Bd5 20. Nxf8 Kxf8 21. Bxd5 exd5 22. Qxe4 Qxh2+ 23. Kxh2 dxe4 24. Rfe1 Be5+ 25. g3 f5 26. Rd5 Re7 27. f3 f4 28. Rxe4 fxg3+ 29. Kg2 1-0


[Site "https://www.chess.com"]

[Event "Titled Tuesday Blitz November 07 Late 2023"]
[White "Zirkelbach, Maj"]
[Black "Tristan, Leonardo"]
[WhiteFideId "14613395"]
[BlackFideId "113816"]
[WhiteElo "2477"]
[BlackElo "2740"]
[Result "0-1"]
[Round "2"]
[TimeControl "180+1"]
[Date "2023.11.07"]
[WhiteClock "0:00:01"]
[BlackClock "0:02:07"]
[Board "62"]

1. d4 d5 2. c4 e6 3. Nf3 Nf6 4. Nc3 a6 5. cxd5 exd5 6. Bg5 Be6 7. e3 Nbd7 8. Bd3 Bd6 9. O-O c6 10. e4 dxe4 11. Nxe4 Be7 12. Re1 O-O 13. Qc2 h6 14. Bh4 Nxe4 15. Bxe7 Qxe7 16. Bxe4 Nf6 17. Bd3 Qd6 18. Qc5 Rfd8 19. Bc2 Qxc5 20. dxc5 Bg4 21. Ne5 Rd2 22. Rac1 Be6 23. a3 Rad8 24. b4 Kf8 25. h3 Nh5 26. Re3 Nf4 27. Kf1 f6 28. Nd3 Bc4 29. Ke1 R2xd3 30. Bxd3 Nxd3+ 31. Kd2 Nxc1+ 32. Kxc1 Rd3 33. Rxd3 Bxd3 34. Kd2 Bf1 0-1


[Site "https://www.chess.com"]

[Event "Titled Tuesday Blitz November 07 Late 2023"]
[White "Cristi_Coca"]
[Black "Rastbod, Ali"]
[BlackFideId "12567477"]
[WhiteElo "2476"]
[BlackElo "2731"]
[Result "0-1"]
[Round "2"]
[TimeControl "180+1"]
[Date "2023.11.07"]
[WhiteClock "0:00:35"]
[BlackClock "0:00:45"]
[Board "63"]

1. e4 d6 2. d4 Nf6 3. Nc3 g6 4. Be3 Bg7 5. Qd2 c6 6. Bh6 Bxh6 7. Qxh6 Qa5 8. Bd3 b5 9. Qd2 O-O 10. h4 h5 11. Nh3 Bxh3 12. Rxh3 e5 13. Ne2 Qxd2+ 14. Kxd2 Nbd7 15. c3 a6 16. f3 c5 17. d5 c4 18. Bc2 Nc5 19. Rg1 a5 20. Ke3 b4 21. g4 b3 22. Bb1 bxa2 23. Bxa2 hxg4 24. fxg4 Nfxe4 25. Bxc4 Rab8 26. b3 Nf6 27. h5 Kg7 28. h6+ Kh7 29. Rf3 Nfe4 30. Rgf1 Ng5 31. Rf6 Nce4 32. Bd3 Nxf6 33. Rxf6 Rfd8 34. Bc4 Kxh6 35. Ng3 Kg7 36. Rf2 Rh8 0-1


[Site "https://www.chess.com"]

[Event "Titled Tuesday Blitz November 07 Late 2023"]
[White "Mazurkiewicz, Michal"]
[Black "GaiozNigalidze"]
[WhiteFideId "1124943"]
[WhiteElo "2440"]
[BlackElo "2724"]
[Result "0-1"]
[Round "2"]
[TimeControl "180+1"]
[Date "2023.11.07"]
[WhiteClock "0:00:00"]
[BlackClock "0:00:57"]
[Board "64"]

1. e4 c5 2. Nf3 d6 3. g3 Nf6 4. d3 g6 5. Bg2 Bg7 6. O-O O-O 7. e5 dxe5 8. Nxe5 Nd5 9. Re1 e6 10. Nc3 Nxc3 11. bxc3 Nd7 12. Bf4 Nb6 13. Qd2 Nd5 14. Bh6 Bxh6 15. Qxh6 Nxc3 16. h4 Nd5 17. h5 Qf6 18. Ng4 Qg7 19. Qxg7+ Kxg7 20. h6+ Kh8 21. Bxd5 exd5 22. Nf6 Be6 23. a4 Rad8 24. g4 g5 25. Re5 Rd6 26. Rxg5 Bc8 27. Nh5 Rxh6 28. Re1 f6 29. Rxd5 Bxg4 30. Ng3 b6 31. Re7 Rg8 32. Kf1 Bd1 33. Rdd7 Bxc2 34. Ke2 Bxa4 35. Rxa7 Bb3 36. Rab7 c4 37. Rxb6 cxd3+ 38. Kxd3 Bd5 39. Kd4 Bf3 40. Nf5 Rh5 0-1


[Site "https://www.chess.com"]

[Event "Titled Tuesday Blitz November 07 Late 2023"]
[White "Martinez Ramirez, Lennis"]
[Black "Carrasco Miranda, Andres"]
[WhiteFideId "3509079"]
[BlackFideId "3405990"]
[WhiteElo "2720"]
[BlackElo "2418"]
[Result "1-0"]
[Round "2"]
[TimeControl "180+1"]
[Date "2023.11.07"]
[WhiteClock "0:00:24"]
[BlackClock "0:00:12"]
[Board "65"]

1. c4 Nf6 2. Nc3 g6 3. e4 e5 4. Nf3 Bg7 5. d4 exd4 6. Nxd4 O-O 7. Be2 Re8 8. f3 c6 9. O-O d5 10. exd5 cxd5 11. c5 Nc6 12. Ndb5 Bf8 13. Bg5 Bxc5+ 14. Kh1 Be7 15. Bxf6 Bxf6 16. Nxd5 Be5 17. f4 Bb8 18. Bf3 a6 19. Nbc3 Be6 20. a4 Ba7 21. Qb3 Rb8 22. Rad1 Nd4 23. Qc4 b5 24. axb5 axb5 25. Qc7 Qxc7 26. Nxc7 Nxf3 27. Nxe8 Nd4 28. Nc7 Bc4 29. Rfe1 Nf5 30. Rd7 b4 31. N3d5 Bf2 32. Re8+ Rxe8 33. Nxe8 Bd4 34. Nxb4 Bxb2 35. Nd6 Nxd6 36. Rxd6 Ba3 37. Rd4 Bxb4 38. Rxc4 Be7 39. g3 h5 40. Kg2 Kg7 41. h3 f5 42. Rc6 Kf7 43. Kf3 Bf6 44. Ke3 Bg7 45. Kd3 Bf6 46. Kc4 Be7 47. Kd5 Bf8 48. Rc7+ Be7 49. Ke5 Kf8 50. Ke6 Bb4 51. Kf6 Be1 52. Rc8# 1-0


[Site "https://www.chess.com"]

[Event "Titled Tuesday Blitz November 07 Late 2023"]
[White "MKlose11"]
[Black "UK_23"]
[WhiteElo "2718"]
[BlackElo "2411"]
[Result "1-0"]
[Round "2"]
[TimeControl "180+1"]
[Date "2023.11.07"]
[WhiteClock "0:02:16"]
[BlackClock "0:02:19"]
[Board "66"]

1. e4 e5 2. Nf3 Nc6 3. d4 exd4 4. Bc4 Nf6 5. O-O Nxe4 6. Re1 d5 7. Bxd5 Qxd5 8. Nc3 Qd7 9. Rxe4+ Be7 10. Nxd4 Nxd4 11. Rxd4 Qf5 12. Nd5 Bd6 13. Bf4 Be6 14. Bxd6 Bxd5 15. Rxd5 1-0


[Site "https://www.chess.com"]

[Event "Titled Tuesday Blitz November 07 Late 2023"]
[White "Goncalves, Davi Sulzbacher"]
[Black "Pakleza, Zbigniew"]
[WhiteFideId "2154510"]
[BlackFideId "1119290"]
[WhiteElo "2411"]
[BlackElo "2717"]
[Result "1-0"]
[Round "2"]
[TimeControl "180+1"]
[Date "2023.11.07"]
[WhiteClock "0:00:05"]
[BlackClock "0:00:00"]
[Board "67"]

1. Nf3 d5 2. d4 Nf6 3. Bg5 Ne4 4. Bh4 c6 5. Nbd2 Bf5 6. e3 Qb6 7. Rb1 Nd7 8. Bd3 e6 9. O-O h6 10. Bg3 Nxg3 11. hxg3 Bxd3 12. cxd3 Bd6 13. b4 O-O 14. a4 Bxb4 15. Nb3 a5 16. g4 Qd8 17. e4 dxe4 18. dxe4 Nf6 19. g5 Nxe4 20. gxh6 Nc3 21. Qd3 Nxb1 22. Rxb1 gxh6 23. Ne5 Qg5 24. Rf1 Rad8 25. f4 Qf5 26. Qg3+ Kh7 27. Qh4 Rg8 28. Rf3 Rde8 29. Rh3 Rg6 30. Nxg6 Qxg6 31. Kh2 Be7 32. Qf2 Rg8 33. Nd2 Bd6 34. Rh4 Kg7 35. Nf3 Kf8 36. Ne5 Qf5 37. Rxh6 Ke7 38. Rh4 Rg7 39. Rh6 Rg8 40. Qh4+ Qf6 41. Rxf6 1-0


[Site "https://www.chess.com"]

[Event "Titled Tuesday Blitz November 07 Late 2023"]
[White "FrenchHarvey"]
[Black "Inepton_Fermion"]
[WhiteElo "2716"]
[BlackElo "2406"]
[Result "1-0"]
[Round "2"]
[TimeControl "180+1"]
[Date "2023.11.07"]
[WhiteClock "0:02:01"]
[BlackClock "0:00:01"]
[Board "68"]

1. e4 c5 2. Nc3 Nc6 3. Bb5 Nd4 4. Nf3 a6 5. Bd3 g6 6. Nxd4 cxd4 7. Ne2 Bg7 8. c3 e5 9. cxd4 exd4 10. Bc4 Ne7 11. O-O O-O 12. d3 d5 13. exd5 Nxd5 14. Nf4 Nxf4 15. Bxf4 Bf5 16. a4 Qa5 17. Qb3 b5 18. axb5 Qb6 19. bxa6 Qxb3 20. Bxb3 Bxd3 21. a7 Bxf1 22. Kxf1 Rfd8 23. Bd1 d3 24. Bf3 Bxb2 25. Ra2 d2 26. Bxd2 Bd4 27. Bxa8 Rxa8 28. Be3 Bxe3 29. fxe3 Kg7 30. Ke2 Kf6 31. Kd3 Ke5 32. Kc4 Kd6 33. Kb5 Kc7 34. Ka6 Re8 35. Rc2+ Kd6 36. Kb7 Re7+ 37. Kb8 Re8+ 38. Rc8 Rxe3 1-0


[Site "https://www.chess.com"]

[Event "Titled Tuesday Blitz November 07 Late 2023"]
[White "Kazakov, Mikhail"]
[Black "Koellner, Ruben Gideon"]
[WhiteFideId "14102749"]
[BlackFideId "12993093"]
[WhiteElo "2396"]
[BlackElo "2704"]
[Result "1/2-1/2"]
[Round "2"]
[TimeControl "180+1"]
[Date "2023.11.07"]
[WhiteClock "0:00:04"]
[BlackClock "0:00:04"]
[Board "69"]

1. d4 d6 2. e4 Nf6 3. Nc3 e5 4. Nf3 Nbd7 5. Bc4 Be7 6. O-O c6 7. a4 h6 8. a5 Qc7 9. b3 Nf8 10. Bb2 Ng6 11. Re1 O-O 12. h3 Rb8 13. Bf1 b5 14. axb6 axb6 15. Nb1 b5 16. Nbd2 Be6 17. Ra6 Ra8 18. Qa1 Qb7 19. Rxa8 Rxa8 20. Qb1 exd4 21. Nxd4 Bd7 22. Nf5 Bxf5 23. exf5 Nf8 24. Ne4 Nxe4 25. Rxe4 d5 26. Rg4 f6 27. Qc1 Kh7 28. Bd3 Qd7 29. Qe3 c5 30. Bxb5 Qc7 31. Ba4 d4 32. Qf3 Rb8 33. Bc1 Bd6 34. Bf4 Bxf4 35. Qxf4 Qxf4 36. Rxf4 Kg8 37. Re4 Kf7 38. Kf1 g6 39. g4 gxf5 40. gxf5 Nh7 41. h4 Nf8 42. Ke2 Rb4 43. Kd3 c4+ 44. Kd2 cxb3 45. Bxb3+ Kg7 46. Kd3 Rb7 47. Rxd4 Nd7 48. Be6 Ne5+ 49. Ke4 Rb1 50. f4 Re1+ 51. Kd5 Nf3 52. Rd3 Nxh4 53. Kd6 Rg1 54. c4 Ng2 55. Rg3+ Kh7 56. Ke7 h5 57. Kf8 h4 58. Rg7+ Kh6 59. Bg8 Kh5 60. c5 h3 61. c6 Rc1 62. Bd5 Kh4 63. Bxg2 hxg2 64. Rxg2 Rxc6 65. Kf7 Kh5 66. Rg6 Rc4 67. Rxf6 Rxf4 68. Ke6 Re4+ 69. Kf7 Re5 70. Kg7 Kg5 71. Rf7 Rxf5 72. Rxf5+ Kxf5 1/2-1/2


[Site "https://www.chess.com"]

[Event "Titled Tuesday Blitz November 07 Late 2023"]
[White "Hasangatin, Ramil"]
[Black "PapaieDudu"]
[WhiteFideId "4122160"]
[WhiteElo "2699"]
[BlackElo "2381"]
[Result "1-0"]
[Round "2"]
[TimeControl "180+1"]
[Date "2023.11.07"]
[WhiteClock "0:01:15"]
[BlackClock "0:00:05"]
[Board "70"]

1. e4 c5 2. Nf3 d6 3. d4 cxd4 4. Qxd4 Nc6 5. Bb5 Bd7 6. Bxc6 bxc6 7. c4 e5 8. Qd3 Nf6 9. Bg5 Be7 10. Bxf6 Bxf6 11. Qxd6 Be7 12. Qxe5 O-O 13. O-O Bf6 14. Qh5 Bxb2 15. Nbd2 Bxa1 16. Rxa1 Qf6 17. Re1 Rfe8 18. h3 Rab8 19. Nb3 g6 20. Qh6 Be6 21. e5 Qg7 22. Qf4 h6 23. Nc5 Bf5 24. g4 Bc8 25. Ne4 Kh8 26. Nf6 Rd8 27. Nd4 Bb7 28. c5 Rbc8 29. Re3 Ba6 30. Ra3 Bc4 31. Rxa7 Rd5 32. Nxd5 Bxd5 33. Kh2 Re8 34. Kg3 Rxe5 35. f3 Re6 36. Nxe6 Bxe6 37. Qb8+ Kh7 38. Ra8 g5 39. a4 Kg6 40. Qg8 f6 41. Qxg7+ Kxg7 42. a5 Bc4 43. a6 Kg6 44. a7 h5 45. Rb8 h4+ 46. Kf2 f5 47. a8=Q fxg4 48. Rg8+ Bxg8 49. Qxg8+ Kf5 50. Qf7+ Ke5 51. Qe7+ Kf4 52. Qd6+ Kf5 53. hxg4# 1-0


[Site "https://www.chess.com"]

[Event "Titled Tuesday Blitz November 07 Late 2023"]
[White "Prithu Gupta"]
[Black "Annaberdiyev, Meylis"]
[WhiteFideId "46618546"]
[BlackFideId "14000563"]
[WhiteElo "2370"]
[BlackElo "2695"]
[Result "0-1"]
[Round "2"]
[TimeControl "180+1"]
[Date "2023.11.07"]
[WhiteClock "0:00:06"]
[BlackClock "0:00:26"]
[Board "71"]

1. d4 Nf6 2. c4 g6 3. Nf3 Bg7 4. e3 d6 5. Be2 O-O 6. O-O Nbd7 7. b4 e5 8. Bb2 e4 9. Nfd2 Re8 10. Nc3 Nf8 11. a4 h5 12. Nd5 Nxd5 13. cxd5 Nh7 14. Rc1 Nf6 15. Bc4 h4 16. f4 h3 17. g3 Bg4 18. Qe1 a6 19. Qf2 Qd7 20. Bb3 Re7 21. Rc2 Qf5 22. Rfc1 Nxd5 23. Ba3 b5 24. a5 Bxd4 25. exd4 e3 26. Qf1 exd2 27. Rxd2 Rae8 28. Qd3 Re1+ 29. Rxe1 Rxe1+ 30. Kf2 Re2+ 31. Qxe2 Bxe2 32. Bc2 Qf6 33. Kxe2 Qe6+ 34. Kd1 Ne3+ 35. Kc1 Nxc2 36. Rxc2 Qe3+ 37. Kb2 Qxd4+ 38. Ka2 Qd5+ 39. Kb2 c6 40. Kb1 Qb3+ 41. Bb2 Qd3 42. Kc1 Qe3+ 43. Kb1 Qe4 44. Kc1 Qh1+ 45. Kd2 Qxh2+ 0-1


[Site "https://www.chess.com"]

[Event "Titled Tuesday Blitz November 07 Late 2023"]
[White "TheAlienParty"]
[Black "Barrientos, Sergio E"]
[BlackFideId "4401824"]
[WhiteElo "2345"]
[BlackElo "2691"]
[Result "1/2-1/2"]
[Round "2"]
[TimeControl "180+1"]
[Date "2023.11.07"]
[WhiteClock "0:00:13"]
[BlackClock "0:00:21"]
[Board "72"]

1. c4 c6 2. Nf3 Nf6 3. e3 d5 4. b3 Bf5 5. Bb2 e6 6. Be2 h6 7. a3 Nbd7 8. d4 Bd6 9. Nc3 O-O 10. Bd3 Bxd3 11. Qxd3 Qe7 12. O-O e5 13. dxe5 Nxe5 14. Nxe5 Qxe5 15. f4 Qh5 16. cxd5 cxd5 17. Nb5 Be7 18. Rad1 Rad8 19. b4 a6 20. Nd4 Ne4 21. Nf3 Rfe8 22. Bd4 Nd6 23. Bb6 Rc8 24. Qxd5 Qxd5 25. Rxd5 Nc4 26. Bd4 Bf6 27. Rd7 Nxe3 28. Bxe3 Rxe3 29. Rxb7 Rxa3 30. Ne5 Rb3 31. Nxf7 Rc2 32. Rd1 Rbb2 33. Nxh6+ gxh6 34. f5 Rxg2+ 35. Kh1 Rxh2+ 36. Kg1 Rbg2+ 37. Kf1 Rb2 38. Kg1 Rhd2 39. Rc1 Bd4+ 40. Kf1 Rf2+ 41. Ke1 Rbe2+ 42. Kd1 Rf1+ 43. Kxe2 Rxc1 44. Rb8+ Kf7 45. Ra8 Rc6 46. Kd3 Bf6 47. Ke4 h5 48. Kd5 Rb6 49. Kc5 Rb5+ 50. Kc4 Rb6 51. Kc5 Rb5+ 52. Kc4 Rxf5 53. Rxa6 h4 54. Kd3 h3 55. Ra2 Be5 56. Ke4 Rh5 57. Rf2+ Ke6 58. Rf1 h2 59. Rh1 Rh4+ 60. Kf3 Rxb4 61. Kg2 Kf5 62. Rf1+ Bf4 63. Kh1 Kg4 64. Rd1 Rb2 65. Rf1 Rb3 66. Rd1 Bg3 67. Rf1 Re3 68. Rd1 Kh3 69. Rf1 Bf2 70. Rb1 Rg3 71. Rb3 Kg4 72. Rxg3+ Bxg3 73. Kg2 Kf4 74. Kh1 Ke3 75. Kg2 Bf4 76. Kh1 Ke2 77. Kg2 Be3 78. Kh1 Bf4 79. Kg2 Be5 80. Kh1 Ke3 81. Kg2 Kf4 82. Kh1 Kf3 1/2-1/2


[Site "https://www.chess.com"]

[Event "Titled Tuesday Blitz November 07 Late 2023"]
[White "Fernandez Bustamante, Leancy B."]
[Black "Luczak, Filip"]
[WhiteFideId "3523870"]
[BlackFideId "1193686"]
[WhiteElo "2343"]
[BlackElo "2691"]
[Result "0-1"]
[Round "2"]
[TimeControl "180+1"]
[Date "2023.11.07"]
[WhiteClock "0:01:03"]
[BlackClock "0:01:57"]
[Board "73"]

1. e4 g6 2. Nf3 Bg7 3. d4 c5 4. Nc3 Nc6 5. d5 Nd4 6. Be3 Qb6 7. Na4 Qa5+ 8. c3 Nxf3+ 9. gxf3 d6 10. a3 b5 11. Nxc5 dxc5 12. Bxc5 Bxc3+ 13. Ke2 Bg7 14. b4 Qa6 15. Ra2 Nf6 16. Qd3 Bd7 17. h4 Nh5 18. Ke1 Rc8 19. Qd2 Be5 20. a4 Qf6 21. axb5 Bc3 22. Be2 O-O 23. Rxa7 Bxd2+ 24. Kxd2 Qb2+ 25. Ke3 Rxc5 26. bxc5 Qc3+ 27. Bd3 Qxc5+ 0-1


[Site "https://www.chess.com"]

[Event "Titled Tuesday Blitz November 07 Late 2023"]
[White "Kavutskiy, Konstantin"]
[Black "patzersame"]
[WhiteFideId "2026384"]
[WhiteElo "2689"]
[BlackElo "2342"]
[Result "1-0"]
[Round "2"]
[TimeControl "180+1"]
[Date "2023.11.07"]
[WhiteClock "0:00:34"]
[BlackClock "0:00:08"]
[Board "74"]

1. d4 Nf6 2. c4 d6 3. Nc3 g6 4. e4 Bg7 5. h3 O-O 6. Be3 c5 7. d5 Qa5 8. Bd3 e6 9. Nf3 exd5 10. exd5 Re8 11. O-O Nh5 12. Qd2 Qd8 13. Rfe1 Nd7 14. Bg5 Nhf6 15. Rxe8+ Qxe8 16. Re1 Qd8 17. Qf4 Qb6 18. Re2 Nh5 19. Re8+ Nf8 20. Qd2 Nf6 21. Re7 Bd7 22. b3 Re8 23. Qe3 Qd8 24. Rxe8 Qxe8 25. Qf4 Nh5 26. Qd2 Bf5 27. Bxf5 gxf5 28. Nb5 Qd7 29. Nxa7 Ng6 30. Nb5 Ne5 31. Qe2 h6 32. Nxe5 dxe5 33. Bxh6 Nf4 34. Bxf4 exf4 35. d6 f3 36. Qxf3 Qe6 37. g3 Bd4 38. Kg2 Kf8 39. Nxd4 cxd4 40. c5 f4 41. Qxb7 d3 42. Qe7+ Qxe7 43. dxe7+ Kxe7 44. Kf1 fxg3 45. fxg3 Ke6 46. Ke1 Kd5 47. b4 Kc4 48. Kd2 Kd4 49. c6 f5 50. c7 f4 51. c8=Q fxg3 52. Qd7+ Ke4 53. Qxd3+ Kf4 54. Ke2 g2 55. Kf2 g1=Q+ 56. Kxg1 Kg5 57. Qe4 Kh5 58. Qg4+ Kh6 59. Kg2 Kh7 60. Kf3 Kh8 61. Kf4 Kh7 62. Kf5 Kh6 63. Kf6 Kh7 64. Qg7# 1-0


[Site "https://www.chess.com"]

[Event "Titled Tuesday Blitz November 07 Late 2023"]
[White "Leiva, Gianmarco"]
[Black "Garrido, Denis"]
[WhiteFideId "3804399"]
[BlackFideId "601217"]
[WhiteElo "2686"]
[BlackElo "2314"]
[Result "1-0"]
[Round "2"]
[TimeControl "180+1"]
[Date "2023.11.07"]
[WhiteClock "0:01:13"]
[BlackClock "0:01:22"]
[Board "75"]

1. e4 c6 2. d4 d5 3. e5 Bf5 4. Nf3 e6 5. Be2 Ne7 6. O-O h6 7. a4 a5 8. c3 Nd7 9. Re1 Qc7 10. Bd3 g5 11. Na3 Bg7 12. Nc2 O-O 13. Ne3 Bxd3 14. Qxd3 f6 15. exf6 Nxf6 16. h3 Rae8 17. Ng4 Nxg4 18. hxg4 Rf6 19. Ne5 Nc8 20. f3 Nd6 21. Be3 Nf7 22. Bf2 Nxe5 23. Rxe5 Rf7 24. Re2 e5 25. Bg3 Rfe7 26. Rae1 Qb6 27. Kh2 e4 28. Qc2 Qd8 29. fxe4 dxe4 30. Rxe4 Rxe4 31. Rxe4 Qd7 32. Qb3+ Kh8 33. Rxe8+ Qxe8 34. Qxb7 Qe4 35. Qc8+ Kh7 36. Qf5+ Qxf5 37. gxf5 Kg8 38. Be5 Bf8 39. g4 Kf7 40. Bc7 1-0


[Site "https://www.chess.com"]

[Event "Titled Tuesday Blitz November 07 Late 2023"]
[White "Ruge, Edison"]
[Black "Zeltsan, Joseph"]
[WhiteFideId "4401000"]
[BlackFideId "30932980"]
[WhiteElo "2287"]
[BlackElo "2685"]
[Result "0-1"]
[Round "2"]
[TimeControl "180+1"]
[Date "2023.11.07"]
[WhiteClock "0:00:00"]
[BlackClock "0:01:10"]
[Board "76"]

1. e4 c5 2. Nf3 d6 3. d3 Nf6 4. Nbd2 Nc6 5. g3 g6 6. Bg2 Bg7 7. h4 O-O 8. h5 Nxh5 9. Rxh5 gxh5 10. Nh2 f5 11. Qxh5 Qe8 12. Qd1 Kh8 13. c3 e5 14. Qe2 Qg6 15. Nc4 f4 16. g4 b5 17. Nd2 Be6 18. f3 Rad8 19. Nhf1 c4 20. dxc4 bxc4 21. Nxc4 d5 22. exd5 Bxd5 23. Ncd2 e4 24. fxe4 Be6 25. Nh2 Ne5 26. Bf3 Qh6 27. Kd1 Nxf3 28. Nxf3 Bxg4 29. Kc2 Qh5 30. Qf2 Rxd2+ 31. Nxd2 Bd1+ 32. Kb1 Qb5 33. c4 Qd7 34. Qf1 Bh5 35. Kc2 f3 36. Qd3 Qxd3+ 37. Kxd3 Rd8+ 38. Kc2 f2 39. Nf1 Rd1 40. Ng3 Bf3 41. Rb1 Rg1 42. Be3 Rxg3 43. Bxf2 Rg2 44. Rf1 Be2 0-1


[Site "https://www.chess.com"]

[Event "Titled Tuesday Blitz November 07 Late 2023"]
[White "Arifarsky"]
[Black "le-castor-faineant"]
[WhiteElo "2683"]
[BlackElo "2260"]
[Result "1-0"]
[Round "2"]
[TimeControl "180+1"]
[Date "2023.11.07"]
[WhiteClock "0:00:49"]
[BlackClock "0:00:34"]
[Board "77"]

1. d4 Nf6 2. Nf3 g6 3. g3 Bg7 4. Bg2 O-O 5. O-O d6 6. c4 Nbd7 7. Nc3 e5 8. d5 Re8 9. e4 a5 10. h3 Nc5 11. Qc2 Bd7 12. Be3 Rb8 13. a3 a4 14. Nd2 b5 15. Bxc5 dxc5 16. cxb5 Bxb5 17. Nxb5 Rxb5 18. Nc4 Rb3 19. Nd2 Rb5 20. Rfb1 Qb8 21. Nc4 Qa7 22. b3 axb3 23. Rxb3 Rxb3 24. Qxb3 Rb8 25. Qc2 Ne8 26. Qd2 Nd6 27. Na5 Rb6 28. a4 Ra6 29. Nc6 Qa8 30. a5 Nb7 31. Bf1 Rb6 32. axb6 Qxa1 33. bxc7 Nd6 34. Ne7+ Kf8 35. c8=Q+ Nxc8 36. Nxc8 f5 37. d6 Ke8 38. d7+ Kd8 39. Nd6 Kxd7 40. Nxf5+ 1-0


[Site "https://www.chess.com"]

[Event "Titled Tuesday Blitz November 07 Late 2023"]
[White "Jamal-Jamal-Jamal"]
[Black "Rojas Alarcon, Julian Antonio"]
[BlackFideId "5107407"]
[WhiteElo "2259"]
[BlackElo "2678"]
[Result "1/2-1/2"]
[Round "2"]
[TimeControl "180+1"]
[Date "2023.11.07"]
[WhiteClock "0:00:56"]
[BlackClock "0:00:32"]
[Board "78"]

1. e4 d5 2. exd5 Qxd5 3. Nc3 Qa5 4. d4 Nf6 5. Nf3 Nc6 6. Bd2 Bg4 7. Nb5 Qb6 8. c4 Bxf3 9. Qxf3 Nxd4 10. Nxd4 Qxd4 11. Qxb7 Qe4+ 12. Qxe4 Nxe4 13. Be3 e5 14. O-O-O Be7 15. Bd3 Nf6 16. Bc2 O-O 17. h3 a5 18. g4 h6 19. Rhg1 a4 20. h4 Rfd8 21. g5 hxg5 22. hxg5 Ne8 23. g6 Nf6 24. gxf7+ Kxf7 25. Bg5 a3 26. b3 Bc5 27. Bxf6 gxf6 28. Be4 Rxd1+ 29. Rxd1 Rh8 30. Rd7+ Ke6 31. Rxc7 Bxf2 32. Bd5+ Kf5 33. c5 e4 34. b4 e3 35. Re7 Rb8 36. c6 Bg3 37. c7 Bxc7 38. Rxc7 Rxb4 39. Re7 Kf4 40. Kd1 f5 41. Ke2 Rb2+ 42. Ke1 Rb1+ 43. Ke2 Rb2+ 44. Ke1 Rd2 45. Bc4 Kf3 46. Ra7 f4 47. Rxa3 Rc2 48. Bd5+ Kg3 49. Rd3 Rc8 50. a4 Rc1+ 51. Ke2 Rc2+ 52. Ke1 Rc1+ 53. Ke2 Ra1 54. Bc6 Ra2+ 55. Ke1 Rc2 56. Bd5 Rc5 57. Ke2 Rc2+ 58. Ke1 1/2-1/2


[Site "https://www.chess.com"]

[Event "Titled Tuesday Blitz November 07 Late 2023"]
[White "Rozman, Levy"]
[Black "Tokat, Nehir"]
[WhiteFideId "2039877"]
[BlackFideId "34557555"]
[WhiteElo "2673"]
[BlackElo "2242"]
[Result "1-0"]
[Round "2"]
[TimeControl "180+1"]
[Date "2023.11.07"]
[WhiteClock "0:01:45"]
[BlackClock "0:00:01"]
[Board "79"]

1. e4 c5 2. a3 g6 3. Nc3 Bg7 4. Bc4 Nc6 5. d3 e6 6. Ba2 Nge7 7. Nge2 O-O 8. h4 d5 9. h5 Nd4 10. Bg5 f6 11. Bd2 g5 12. h6 Bh8 13. Nxd4 cxd4 14. Ne2 dxe4 15. dxe4 Ng6 16. Bb4 Re8 17. Qxd4 Qxd4 18. Nxd4 f5 19. O-O-O f4 20. Nb5 Be5 21. Rh5 a6 22. Nd6 Bxd6 23. Bxd6 Kf7 24. Rxg5 b5 25. g3 fxg3 26. fxg3 Bd7 27. Rf1+ Kg8 28. Rf6 Rac8 29. c3 Kh8 30. e5 a5 31. Bb1 Nf8 32. Rg7 Ng6 33. Bxg6 hxg6 34. Rxd7 1-0


[Site "https://www.chess.com"]

[Event "Titled Tuesday Blitz November 07 Late 2023"]
[White "Kniazev, Igor"]
[Black "Skvortsov, Andrei"]
[WhiteFideId "4136349"]
[BlackFideId "24108600"]
[WhiteElo "2196"]
[BlackElo "2671"]
[Result "0-1"]
[Round "2"]
[TimeControl "180+1"]
[Date "2023.11.07"]
[WhiteClock "0:00:32"]
[BlackClock "0:00:36"]
[Board "80"]

1. e4 d5 2. exd5 Qxd5 3. Nc3 Qe5+ 4. Qe2 Qxe2+ 5. Bxe2 Nc6 6. Nf3 Bf5 7. d3 O-O-O 8. a3 f6 9. Be3 e5 10. b4 a6 11. O-O Nge7 12. b5 axb5 13. Nxb5 Nd5 14. Rfd1 Nxe3 15. fxe3 Bc5 16. d4 exd4 17. exd4 Bb6 18. c4 Rhe8 19. Bf1 Kb8 20. c5 Ba5 21. d5 Na7 22. d6 Nxb5 23. Bxb5 Re3 24. Nd4 Bg4 25. dxc7+ Kxc7 26. Kf2 Re5 27. Be2 Rxd4 28. Rxd4 Bxe2 29. Ra4 Bd2 30. Rc1 Bxc1 0-1


[Site "https://www.chess.com"]